 Dungeon Crawl Stone Soup version 0.21.1-1-g345015f (webtiles) character file.

147 sking99 the Chopper (level 5, -3/47 HPs)
             Began as a Hill Orc Fighter on June 28, 2018.
             Killed from afar by an orc wizard (6 damage)
             ... with a puff of frost
             ... on level 4 of the Dungeon.
             The game lasted 00:05:03 (2448 turns).

sking99 the Chopper (Hill Orc Fighter)              Turns: 2448, Time: 00:05:05

Health: -3/47      AC:  6    Str: 19    XL:     5   Next: 29%
Magic:  5/5        EV:  7    Int:  8    God:
Gold:   215        SH:  9    Dex: 11    Spells: 4/4 levels left

rFire    . . .     SeeInvis .   a - +0 war axe
rCold    . . .     Gourm    .   c - +0 shield
rNeg     . . .     Faith    .   b - +0 scale mail
rPois    .         Spirit   .   (no helmet)
rElec    .         Reflect  .   (no cloak)
rCorr    .         Harm     .   (no gloves)
MR       .....                  (no boots)
Stlth    ..........             (no amulet)
HPRegen  0.15/turn              (no ring)
MPRegen  0.09/turn              (no ring)

@: no status effects
A: no striking features
a: Convert to Beogh


You were on level 4 of the Dungeon.
You were hungry.

You visited 1 branch of the dungeon, and saw 4 of its levels.

You collected 215 gold pieces.

Inventory:

Hand Weapons
 a - a +0 war axe (weapon)
Armour
 b - a +0 scale mail (worn)
 c - a +0 shield (worn)
Jewellery
 r - an uncursed amulet of harm {unknown}
 t - an uncursed ring of poison resistance {unknown}
Scrolls
 j - a scroll of magic mapping {unknown}
 k - a scroll of enchant armour {unknown}
 m - a scroll of identify {unknown}
 o - 2 scrolls of enchant weapon {unknown}
 p - 2 scrolls of remove curse {unknown}
 q - a scroll of amnesia {unknown}
 s - a scroll of fear {unknown}
 w - a scroll of teleportation {unknown}
Potions
 d - a potion of might
 e - a potion of flight {unknown}
 h - a potion of haste {unknown}
 i - a potion of lignification {unknown}
 l - a potion of invisibility {unknown}
 n - a potion of brilliance {unknown}
 u - a potion of heal wounds {unknown}
 v - 2 potions of curing {unknown}
Comestibles
 f - a ration
 g - 2 chunks of flesh


   Skills:
 + Level 4.4 Fighting
 * Level 6.2 Axes
 - Level 3.2 Armour
 + Level 0.7 Dodging
 - Level 3.2 Shields


You had 4 spell levels left.
You didn't know any spells.

Dungeon Overview and Level Annotations

Branches:
Dungeon (4/15)
 Temple: D:4-7

Altars:
Cheibriados
Gozag
Okawaru
Ru


Message History

The orc wizard hits you but does no damage.
The orc priest hits you with a hand axe.
The orc wizard casts a spell at you. The magic dart hits you!
* * * LOW HITPOINT WARNING * * *
You hit the orc priest.
The orc priest is lightly wounded.
You closely miss the orc wizard.
The orc priest hits you but does no damage.
You block the orc wizard's attack.
Unknown command.
You hit the orc priest.
The orc priest is moderately wounded.
You slash the orc wizard!
The orc priest invokes the aid of Beogh against you.
Beogh smites you!
* * * LOW HITPOINT WARNING * * *
The orc wizard gestures at you while chanting.
The puff of frost hits you!
You die...

#######
#.....#
#.....#
#.....#
#.)...#
#@)...#
#oo...#
#.....#
#.....#
.....##
..)..#
......
.....#.#


You could see an orc priest and an orc wizard.

Vanquished Creatures
  An orc wizard (D:2)
  A worker ant zombie (D:2)
  2 adders (D:3)
  A dart slug (D:2)
  4 leopard geckos
  9 orcs
  18 bats
  5 giant cockroaches
  6 goblins
  8 hobgoblins
  A jackal (D:2)
  A ball python (D:1)
  A frilled lizard (D:3)
  10 kobolds
  8 rats
76 creatures vanquished.

Notes
Turn   | Place    | Note
-------+----------+-------------------------------------------
     0 | D:1      | sking99 the Hill Orc Fighter began the quest for the Orb.
     0 | D:1      | Reached XP level 1. HP: 19/19 MP: 1/1
    33 | D:1      | Reached skill level 3 in Axes
   159 | D:1      | Found an iron altar of Okawaru.
   163 | D:1      | Reached XP level 2. HP: 27/27 MP: 2/2
   281 | D:1      | Reached skill level 4 in Axes
   293 | D:1      | Reached XP level 3. HP: 23/33 MP: 3/3
   913 | D:2      | Found a snail-covered altar of Cheibriados.
  1108 | D:2      | Found a sacrificial altar of Ru.
  1112 | D:2      | Reached skill level 5 in Axes
  1112 | D:2      | Reached XP level 4. HP: 40/40 MP: 4/4
  1329 | D:3      | Noticed a phantom
  1592 | D:3      | Found an opulent altar of Gozag.
  1682 | D:3      | Reached XP level 5. HP: 46/47 MP: 5/5
  1876 | D:3      | Reached skill level 6 in Axes
  2407 | D:4      | Noticed an ogre
  2408 | D:4      | Noticed an ogre
  2448 | D:4      | Killed from afar by an orc wizard

Skill      XL: |  1  2  3  4  5 |
---------------+----------------+-----
Axes           | 3 4 5 6 |  6.2
Fighting       | 4 |  4.4
Armour         | |  3.2
Dodging        | |  0.7
Shields        | |  3.2

Action                   |  1- 3 |  4- 6 || total
-------------------------+-------+-------++-------
Melee: War axe           |   115 |   145 ||   260
 Stab: Invisible         |       |     1 ||     1
  Eat: Chunk             |     1 |     4 ||     5
Armor: Scale mail        |    68 |    58 ||   126
Dodge: Dodged            |    48 |    46 ||    94
Block: Shield            |    80 |    72 ||   152
